Wolfpack vs Roadrunners
Created - Monday, February 3, 2025 at 22:06
Goals
|
Wolfpack |
0 |
0 |
1 |
1 |
Roadrunners |
1 |
1 |
2 |
4 |
|
Shots
|
Wolfpack |
12 |
8 |
6 |
26 |
Roadrunners |
14 |
9 |
15 |
38 |
|
1st period
1. Roadrunners , Jeff Malott 20 (Dylan Coghlan 36, Philip Kemp 18) at 1:08
Penalties :
Philip Kemp (TUS) for Slashing (Minor) at 2:14, Dmitri Samorukov (TUS) for Tripping (Minor) at 4:22, Drew Helleson (HAR) for Tripping (Minor) at 7:01, Jacob MacDonald (HAR) for Roughing (Minor) at 7:06, Philip Kemp (TUS) for Tripping (Minor) at 11:34, Nicolas Deslauriers (HAR) for Tripping (Minor) at 15:05
2nd period
2. Roadrunners , Jeff Malott 21 (Trey Fix-Wolansky 27, Lane Pederson 40) at 19:31
Penalties :
Mackenzie Entwistle (HAR) for Roughing (Minor) at 0:41, Vasili Ponomarev (HAR) for Tripping (Minor) at 3:40, Philip Kemp (TUS) for Hooking (Minor) at 10:50, Maksymilian Szuber (TUS) for Boarding (Minor) at 17:03
3rd period
3. Wolfpack , Mackenzie Entwistle 19 (Drake Caggiula 11, Mavrik Bourque 38) at 2:38
4. Roadrunners , Matthew Maggio 16 (Dylan Coghlan 37, Oskar Steen 28) at 6:03 (PP)
5. Roadrunners , Trey Fix-Wolansky 18 (Jeff Malott 33, Lane Pederson 41) at 6:19 (PP)
Penalties :
Mavrik Bourque (HAR) for Slashing (Minor) at 4:05, Cole Schneider (HAR) for Roughing (Minor) at 6:06, Josh Mahura (HAR) for Interference (Minor) at 7:17, Philip Kemp (TUS) for Hooking (Minor) at 9:32, Gavin White (TUS) for Elbowing (Minor) at 10:02, Dillon Heatherington (HAR) for Interference (Minor) at 12:16, Marco Scandella (HAR) for Tripping (Minor) at 14:28, Jacob MacDonald (HAR) for Hooking (Minor) at 19:57
Goalie Stats
Jesper Wallstedt (HAR), 34 saves from 38 shots - (0.895), L, 27-17-8, 60:00 minutes
Mads Sogaard (TUS), 25 saves from 26 shots - (0.962), W, 19-15-6, 60:00 minutes
Players Stats for Wolfpack
Player Name G A P +/- PIM S H SB GA TA FO MP PP MP PK MP
------------------------------------------------------------------------------------
Charles Hudon 0 0 0 0 0 2 0 0 0 0 11/16 18:31 6:05 4:41
Cole Schneider 0 0 0 0 2 2 3 0 0 0 4/4 15:22 0:00 2:36
Colton White 0 0 0 -1 0 0 0 1 0 0 0/0 7:17 0:25 1:19
Dillon Heatherington 0 0 0 -1 2 1 1 0 0 0 0/0 12:39 1:40 0:11
Drake Caggiula 0 1 1 1 0 1 2 1 0 0 5/13 18:23 6:17 6:36
Drew Helleson 0 0 0 -1 2 0 2 1 0 0 0/0 13:29 0:00 2:41
Emil Bemstrom 0 0 0 -2 0 0 0 0 0 0 0/0 5:50 0:00 0:27
Gage Quinney 0 0 0 0 0 1 0 0 0 0 2/3 16:29 6:05 2:39
Jacob MacDonald 0 0 0 0 4 4 1 0 0 0 0/0 21:41 5:22 6:58
John Leonard 0 0 0 0 0 4 0 0 0 0 0/2 13:47 0:47 0:00
Josh Mahura 0 0 0 1 2 1 1 3 0 0 0/0 18:01 5:30 6:51
Mackenzie Entwistle 1 0 1 0 2 2 3 0 0 0 1/1 23:15 5:55 6:51
Marco Scandella 0 0 0 0 2 1 1 1 0 0 0/0 23:35 5:55 6:27
Mavrik Bourque 0 1 1 1 2 0 0 0 0 0 9/18 12:04 6:19 0:16
Nicolas Deslauriers 0 0 0 0 2 1 1 0 0 0 6/14 19:48 5:42 6:22
Tyler Madden 0 0 0 -2 0 0 0 0 0 0 4/6 5:23 0:00 0:00
Vasili Ponomarev 0 0 0 -1 2 5 2 1 0 0 12/18 12:58 0:02 0:00
Will Butcher 0 0 0 0 0 1 0 1 0 0 0/0 23:12 5:56 7:54
Players Stats for Roadrunners
Player Name G A P +/- PIM S H SB GA TA FO MP PP MP PK MP
------------------------------------------------------------------------------------
Clark Bishop 0 0 0 0 0 0 5 0 0 0 1/3 17:01 9:07 0:00
Dmitri Samorukov 0 0 0 0 2 2 1 1 0 0 0/0 22:03 7:50 4:51
Dylan Coghlan 0 2 2 2 0 4 1 2 0 0 0/0 22:15 8:18 5:22
Gavin White 0 0 0 -1 2 1 1 0 0 0 0/0 16:45 0:00 3:18
Hunter Drew 0 0 0 -1 0 1 2 0 0 0 1/2 15:27 0:00 4:26
Jack Ahcan 0 0 0 0 0 1 1 4 0 0 0/0 22:34 7:50 5:21
Jared Davidson 0 0 0 1 0 0 0 0 0 0 5/13 8:33 0:00 1:44
Jeff Malott 2 1 3 2 0 7 3 1 0 0 6/14 25:50 7:04 7:11
Joona Koppanen 0 0 0 -1 0 2 2 0 0 0 5/13 11:01 0:00 0:00
Lane Pederson 0 2 2 1 0 6 2 0 0 0 14/21 19:10 7:04 6:25
Maksymilian Szuber 0 0 0 -1 2 0 3 0 0 0 0/0 13:32 0:03 0:03
Matthew Maggio 1 0 1 0 0 7 1 0 0 0 2/2 17:01 9:07 0:00
Max Ellis 0 0 0 1 0 0 0 0 0 0 1/1 6:49 0:00 0:00
Oskar Steen 0 1 1 0 0 1 5 2 0 0 6/22 19:48 9:07 2:47
Philip Kemp 0 1 1 2 8 0 2 0 0 0 0/0 18:18 8:21 1:26
Roman Ahcan 0 0 0 -1 0 2 1 0 0 0 0/1 12:28 0:00 1:27
Samuel Asselin 0 0 0 0 0 0 0 0 0 0 0/0 1:33 0:03 0:35
Trey Fix-Wolansky 1 1 2 1 0 4 0 3 0 0 0/3 15:52 7:01 3:10
3 Stars
1 - Jeff Malott (TUS)
2 - Trey Fix-Wolansky (TUS)
3 - Dylan Coghlan (TUS)
Power Play
Wolfpack - 0 on 7 Attempt(s) - 0.00%
Roadrunners - 2 on 11 Attempt(s) - 18.18%
Penalty Kill
Wolfpack - 9 on 11 Attempt(s) - 81.82%
- Score 0 goal in Penalty Kill
Roadrunners - 7 on 7 Attempt(s) - 100.00%
- Score 0 goal in Penalty Kill
Team Stat
Wolfpack - Hits : 17 - Faceoff Wins : 54 - Blocked Shots : 9 - Penalty Minutes : 22
Roadrunners - Hits : 30 - Faceoff Wins : 41 - Blocked Shots : 13 - Penalty Minutes : 14
Official
Referees : Brandon Schrader and Steve Kozari
Linesman : Julien Fournier and Ryan Jackson
Game Notes
No Game Note
Finance
Level 1 -- Attendance: 1812 (90.60%) -- Ticket Income $63,420
Level 2 -- Attendance: 933 (93.30%) -- Ticket Income $13,995
Total Attendance: 2745 (91.50%)
Total Ticket Income: $77,415
Other Income: $37,933
Total Income: $115,348
Wolfpack
5 vs 5 Forward
Center Left Wing Right Wing Time % Phy DF OF
1 Mavrik Bourque Mackenzie Entwistle Drake Caggiula 25 1 2 2
2 Charles Hudon Gage Quinney Nicolas Deslauriers 25 1 2 2
3 Vasili Ponomarev Cole Schneider John Leonard 25 1 2 2
4 Tyler Madden Emil Bemstrom Mackenzie Entwistle 25 1 2 2
5 vs 5 Defense
Defense Defense Time % Phy DF OF
1 Marco Scandella Josh Mahura 25 1 2 2
2 Jacob MacDonald Will Butcher 25 1 2 2
3 Dillon Heatherington Drew Helleson 25 1 2 2
4 Colton White Marco Scandella 25 1 2 2
PowerPlay Forward
Center Left Wing Right Wing Time % Phy DF OF
1 Mavrik Bourque Mackenzie Entwistle Drake Caggiula 60 1 2 2
2 Charles Hudon Gage Quinney Nicolas Deslauriers 40 1 2 2
PowerPlay Defense
Defense Defense Time % Phy DF OF
1 Marco Scandella Josh Mahura 60 1 2 2
2 Jacob MacDonald Will Butcher 40 1 2 2
Penalty Kill 4 Players Forward
Center Wing Time % Phy DF OF
1 Nicolas Deslauriers Mackenzie Entwistle 60 1 2 2
2 Drake Caggiula Charles Hudon 40 1 2 2
Penalty Kill 4 Players Defense
Defense Defense Time % Phy DF OF
1 Marco Scandella Josh Mahura 60 1 2 2
2 Jacob MacDonald Will Butcher 40 1 2 2
Penalty Kill - 3 Players Forward
Forward Time % Phy DF OF
1 Drake Caggiula 60 1 2 2
2 Mackenzie Entwistle 40 1 2 2
Penalty Kill - 3 Players Defense
Defense Defense Time % Phy DF OF
1 Marco Scandella Josh Mahura 60 1 2 2
2 Jacob MacDonald Will Butcher 40 1 2 2
4 vs 4 Forward
Center Wing Time % Phy DF OF
1 John Leonard Mackenzie Entwistle 60 1 2 2
2 Drake Caggiula Charles Hudon 40 1 2 2
4 vs 4 Defense
Defense Defense Time % Phy DF OF
1 Marco Scandella Josh Mahura 60 1 2 2
2 Jacob MacDonald Will Butcher 40 1 2 2
Last Minutes Offensive
Center Left Wing Right Wing Defense Defense
Mavrik Bourque Mackenzie Entwistle Drake Caggiula Marco Scandella Josh Mahura
Last Minutes Defensive
Center Left Wing Right Wing Defense Defense
Mavrik Bourque Mackenzie Entwistle Drake Caggiula Marco Scandella Josh Mahura
Goaltenders
Starting : Jesper Wallstedt
Backup : Cal Petersen
Extra Forwards
Normal : John Leonard, Vasili Ponomarev, Cole Schneider - PP : John Leonard, Vasili Ponomarev - PK : Cole Schneider
Extra Defensemen
Normal : Dillon Heatherington, Drew Helleson, Colton White - PP : Dillon Heatherington - PK : Drew Helleson, Colton White
Penalty Shots
Vasili Ponomarev, Mackenzie Entwistle, Drake Caggiula, Charles Hudon, Nicolas Deslauriers
Custom OT Lines Forwards
Mavrik Bourque, Mackenzie Entwistle, Drake Caggiula, Charles Hudon, Nicolas Deslauriers, John Leonard, Vasili Ponomarev, Gage Quinney, Cole Schneider, Tyler Madden
Custom OT Lines Defensemen
Marco Scandella, Josh Mahura, Jacob MacDonald, Will Butcher, Dillon Heatherington
Scratches
Wade Allison (Healthy), Skyler Brind'Amour (Healthy), Matthew Phillips (Healthy), Montana Onyebuchi (Healthy), Matt Filipe (Healthy)
Dave Gust (Healthy), Matt Kiersted (Healthy), Zach Sawchenko (Healthy)
Roadrunners
5 vs 5 Forward
Center Left Wing Right Wing Time % Phy DF OF
1 Lane Pederson Jeff Malott Trey Fix-Wolansky 25 1 2 2
2 Oskar Steen Clark Bishop Matthew Maggio 25 1 2 2
3 Joona Koppanen Roman Ahcan Hunter Drew 25 1 2 2
4 Jared Davidson Jeff Malott Max Ellis 25 1 2 2
5 vs 5 Defense
Defense Defense Time % Phy DF OF
1 Dylan Coghlan Philip Kemp 25 1 2 2
2 Dmitri Samorukov Jack Ahcan 25 1 2 2
3 Maksymilian Szuber Gavin White 25 1 2 2
4 Dylan Coghlan Philip Kemp 25 1 2 2
PowerPlay Forward
Center Left Wing Right Wing Time % Phy DF OF
1 Lane Pederson Jeff Malott Trey Fix-Wolansky 60 1 2 2
2 Oskar Steen Clark Bishop Matthew Maggio 40 1 2 2
PowerPlay Defense
Defense Defense Time % Phy DF OF
1 Dylan Coghlan Philip Kemp 60 1 2 2
2 Dmitri Samorukov Jack Ahcan 40 1 2 2
Penalty Kill 4 Players Forward
Center Wing Time % Phy DF OF
1 Jeff Malott Lane Pederson 60 1 2 2
2 Trey Fix-Wolansky Oskar Steen 40 1 2 2
Penalty Kill 4 Players Defense
Defense Defense Time % Phy DF OF
1 Dylan Coghlan Philip Kemp 60 1 2 2
2 Dmitri Samorukov Jack Ahcan 40 1 2 2
Penalty Kill - 3 Players Forward
Forward Time % Phy DF OF
1 Jeff Malott 60 1 2 2
2 Lane Pederson 40 1 2 2
Penalty Kill - 3 Players Defense
Defense Defense Time % Phy DF OF
1 Dylan Coghlan Philip Kemp 60 1 2 2
2 Dmitri Samorukov Jack Ahcan 40 1 2 2
4 vs 4 Forward
Center Wing Time % Phy DF OF
1 Jeff Malott Lane Pederson 60 1 2 2
2 Trey Fix-Wolansky Oskar Steen 40 1 2 2
4 vs 4 Defense
Defense Defense Time % Phy DF OF
1 Dylan Coghlan Philip Kemp 60 1 2 2
2 Dmitri Samorukov Jack Ahcan 40 1 2 2
Last Minutes Offensive
Center Left Wing Right Wing Defense Defense
Lane Pederson Jeff Malott Trey Fix-Wolansky Dylan Coghlan Philip Kemp
Last Minutes Defensive
Center Left Wing Right Wing Defense Defense
Lane Pederson Jeff Malott Trey Fix-Wolansky Dylan Coghlan Philip Kemp
Goaltenders
Starting : Mads Sogaard
Backup : Brandon Halverson
Extra Forwards
Normal : Samuel Asselin, Joona Koppanen, Jared Davidson - PP : Samuel Asselin, Joona Koppanen - PK : Jared Davidson
Extra Defensemen
Normal : Maksymilian Szuber, Gavin White, Hunter Drew - PP : Maksymilian Szuber - PK : Gavin White, Hunter Drew
Penalty Shots
Jeff Malott, Lane Pederson, Trey Fix-Wolansky, Oskar Steen, Clark Bishop
Custom OT Lines Forwards
Jeff Malott, Lane Pederson, Trey Fix-Wolansky, Oskar Steen, Clark Bishop, Joona Koppanen, Matthew Maggio, Hunter Drew, Jared Davidson, Roman Ahcan
Custom OT Lines Defensemen
Dylan Coghlan, Philip Kemp, Dmitri Samorukov, Jack Ahcan, Maksymilian Szuber
Scratches
Jakub Brabenec (Healthy), Daylan Kuefler (Healthy), Carl Berglund (Healthy), Wyatt Newpower (Healthy)
% Time on Ice - Wolfpack
Lines # - Real PCT - Wanted PCT - Time Play
Normal Forward
1 - 18% - 25% - 5:30
2 - 25% - 25% - 7:45
3 - 41% - 25% - 12:47
4 - 17% - 25% - 5:23
Normal Defense
1 - 18% - 25% - 5:41
2 - 30% - 25% - 9:22
3 - 34% - 25% - 10:49
4 - 18% - 25% - 5:33
PP Forward
1 - 51% - 60% - 6:19
2 - 49% - 40% - 6:05
PP Defense
1 - 49% - 60% - 6:05
2 - 51% - 40% - 6:19
PK Forward
1 - 67% - 60% - 9:36
2 - 33% - 40% - 4:41
PK Defense
1 - 50% - 60% - 7:11
2 - 50% - 40% - 7:06
PK3 Forward
1 - 54% - 60% - 1:02
2 - 46% - 40% - 0:52
PK3 Defense
1 - 58% - 60% - 1:06
2 - 42% - 40% - 0:48
44 Forward
1 - 0% - 60%
2 - 0% - 40%
44 Defense
1 - 0% - 60%
2 - 0% - 40%
Last Minute Offensive - 0:00
Last Minute Defensive - 0:00
Total
Forward - 60:00
Defense - 60:00
|
% Time on Ice - Roadrunners
Lines # - Real PCT - Wanted PCT - Time Play
Normal Forward
1 - 18% - 25% - 5:41
2 - 25% - 25% - 7:54
3 - 35% - 25% - 11:01
4 - 22% - 25% - 6:49
Normal Defense
1 - 13% - 25% - 4:14
2 - 30% - 25% - 9:23
3 - 43% - 25% - 13:27
4 - 14% - 25% - 4:21
PP Forward
1 - 44% - 60% - 7:04
2 - 56% - 40% - 9:07
PP Defense
1 - 52% - 60% - 8:21
2 - 48% - 40% - 7:50
PK Forward
1 - 71% - 60% - 7:45
2 - 29% - 40% - 3:10
PK Defense
1 - 63% - 60% - 6:54
2 - 37% - 40% - 4:01
PK3 Forward
1 - 80% - 60% - 1:11
2 - 20% - 40% - 0:18
PK3 Defense
1 - 37% - 60% - 0:33
2 - 63% - 40% - 0:56
44 Forward
1 - 0% - 60%
2 - 0% - 40%
44 Defense
1 - 0% - 60%
2 - 0% - 40%
Last Minute Offensive - 0:00
Last Minute Defensive - 0:00
Total
Forward - 60:00
Defense - 60:00
|
Play-by-Play
1st period
0:01 of 1st period - Lane Pederson wins face-off versus Mavrik Bourque in neutral zone.
0:08 of 1st period - Shot by Lane Pederson.
0:08 of 1st period - Stopped by Jesper Wallstedt without a rebound.
0:09 of 1st period - Clark Bishop wins face-off versus Charles Hudon in Wolfpack zone.
0:10 of 1st period - Shot by Oskar Steen.
0:10 of 1st period - Stopped by Jesper Wallstedt with a rebound.
0:12 of 1st period - Shot by Oskar Steen.
0:12 of 1st period - Shot Misses the Net.
0:14 of 1st period - Shot by Matthew Maggio.
0:14 of 1st period - Stopped by Jesper Wallstedt without a rebound.
0:15 of 1st period - Joona Koppanen wins face-off versus Vasili Ponomarev in Wolfpack zone.
0:34 of 1st period - Shot by Roman Ahcan.
0:34 of 1st period - Stopped by Jesper Wallstedt with a rebound.
0:36 of 1st period - Shot by Joona Koppanen.
0:36 of 1st period - Stopped by Jesper Wallstedt without a rebound.
0:37 of 1st period - Tyler Madden wins face-off versus Jared Davidson in Wolfpack zone.
1:08 of 1st period - Shot by Jeff Malott.
1:08 of 1st period - Goal by Jeff Malott - Wolfpack : 0 - Roadrunners : 1.
1:09 of 1st period - Charles Hudon wins face-off versus Oskar Steen in neutral zone.
1:26 of 1st period - Shot by Gage Quinney.
1:26 of 1st period - Stopped by Mads Sogaard with a rebound.
1:28 of 1st period - Shot by Charles Hudon.
1:28 of 1st period - Stopped by Mads Sogaard without a rebound.
1:29 of 1st period - Joona Koppanen wins face-off versus John Leonard in Roadrunners zone.
1:58 of 1st period - Shot by John Leonard.
1:58 of 1st period - Shot Misses the Net.
2:00 of 1st period - Shot by Cole Schneider.
2:00 of 1st period - Deflect By John Leonard.
2:00 of 1st period - Stopped by Mads Sogaard without a rebound.
2:01 of 1st period - Lane Pederson wins face-off versus Mavrik Bourque in Roadrunners zone.
2:14 of 1st period - Minor Penalty to Philip Kemp for Slashing.
2:15 of 1st period - Charles Hudon wins face-off versus Jeff Malott in Roadrunners zone.
2:18 of 1st period - Shot by Gage Quinney.
2:18 of 1st period - Shot Misses the Net.
2:20 of 1st period - Shot by Jacob MacDonald.
2:20 of 1st period - Stopped by Mads Sogaard without a rebound.
2:21 of 1st period - Mavrik Bourque wins face-off versus Jeff Malott in Roadrunners zone.
2:27 of 1st period - Drake Caggiula is hit by Dylan Coghlan and loses puck.
2:32 of 1st period - Shot by Drake Caggiula.
2:32 of 1st period - Stopped by Mads Sogaard with a rebound.
2:34 of 1st period - Shot by Marco Scandella.
2:34 of 1st period - Stopped by Mads Sogaard without a rebound.
2:35 of 1st period - Charles Hudon wins face-off versus Jeff Malott in Roadrunners zone.
4:07 of 1st period - Shot by Josh Mahura.
4:07 of 1st period - Shot Misses the Net.
4:22 of 1st period - Minor Penalty to Dmitri Samorukov for Tripping.
4:23 of 1st period - Jeff Malott wins face-off versus Mavrik Bourque in Roadrunners zone.
4:31 of 1st period - Icing by Josh Mahura.
4:32 of 1st period - Jeff Malott wins face-off versus Mavrik Bourque in Wolfpack zone.
4:35 of 1st period - Shot by Jeff Malott.
4:35 of 1st period - Deflect By Lane Pederson.
4:35 of 1st period - Shot Misses the Net.
4:56 of 1st period - Off-side.
4:57 of 1st period - Jeff Malott wins face-off versus Charles Hudon in neutral zone.
5:41 of 1st period - Shot by Mavrik Bourque.
5:41 of 1st period - Shot Blocked by Jack Ahcan.
5:43 of 1st period - Shot by John Leonard.
5:43 of 1st period - Stopped by Mads Sogaard without a rebound.
5:44 of 1st period - Mavrik Bourque wins face-off versus Trey Fix-Wolansky in Roadrunners zone.
5:48 of 1st period - Shot by Dillon Heatherington.
5:48 of 1st period - Shot Blocked by Oskar Steen.
5:50 of 1st period - Shot by Dillon Heatherington.
5:50 of 1st period - Stopped by Mads Sogaard with a rebound.
5:54 of 1st period - Shot by Drake Caggiula.
5:54 of 1st period - Shot Blocked by Trey Fix-Wolansky.
5:56 of 1st period - Shot by Marco Scandella.
5:56 of 1st period - Shot Blocked by Oskar Steen.
6:27 of 1st period - Vasili Ponomarev is hit by Gavin White.
6:29 of 1st period - Shot by Cole Schneider.
6:29 of 1st period - Stopped by Mads Sogaard without a rebound.
6:30 of 1st period - Vasili Ponomarev wins face-off versus Joona Koppanen in Roadrunners zone.
6:30 of 1st period - Will Butcher is hit by Maksymilian Szuber and loses puck.
6:43 of 1st period - Shot by Joona Koppanen.
6:43 of 1st period - Stopped by Jesper Wallstedt without a rebound.
6:44 of 1st period - Jared Davidson wins face-off versus Charles Hudon in Wolfpack zone.
6:44 of 1st period - Jared Davidson is hit by Drew Helleson.
7:01 of 1st period - Minor Penalty to Drew Helleson for Tripping.
7:02 of 1st period - Oskar Steen wins face-off versus Nicolas Deslauriers in Wolfpack zone.
7:06 of 1st period - Minor Penalty to Jacob MacDonald for Roughing.
7:07 of 1st period - Matthew Maggio wins face-off versus Drake Caggiula in Wolfpack zone.
7:14 of 1st period - Shot by Clark Bishop.
7:14 of 1st period - Deflect By Matthew Maggio.
7:14 of 1st period - Stopped by Jesper Wallstedt without a rebound.
7:15 of 1st period - Lane Pederson wins face-off versus Drake Caggiula in Wolfpack zone.
7:18 of 1st period - Shot by Trey Fix-Wolansky.
7:18 of 1st period - Shot Misses the Net.
8:37 of 1st period - Shot by Oskar Steen.
8:37 of 1st period - Deflect By Clark Bishop.
8:37 of 1st period - Shot Blocked by Josh Mahura.
9:22 of 1st period - Icing by Drew Helleson.
9:23 of 1st period - Charles Hudon wins face-off versus Joona Koppanen in Wolfpack zone.
9:23 of 1st period - Charles Hudon is hit by Roman Ahcan.
9:32 of 1st period - Shot by Roman Ahcan.
9:32 of 1st period - Deflect By Hunter Drew.
9:32 of 1st period - Stopped by Jesper Wallstedt without a rebound.
9:33 of 1st period - Vasili Ponomarev wins face-off versus Jared Davidson in Wolfpack zone.
9:33 of 1st period - Vasili Ponomarev is hit by Jeff Malott.
9:43 of 1st period - Off-side.
9:44 of 1st period - Tyler Madden wins face-off versus Oskar Steen in neutral zone.
10:33 of 1st period - Shot by Nicolas Deslauriers.
10:33 of 1st period - Shot Hit the Post.
10:35 of 1st period - Shot by Marco Scandella.
10:35 of 1st period - Shot Misses the Net.
11:10 of 1st period - Jacob MacDonald is hit by Clark Bishop and loses puck.
11:31 of 1st period - Shot by John Leonard.
11:31 of 1st period - Stopped by Mads Sogaard with a rebound.
11:33 of 1st period - Shot by John Leonard.
11:33 of 1st period - Stopped by Mads Sogaard without a rebound.
11:34 of 1st period - Mavrik Bourque wins face-off versus Lane Pederson in Roadrunners zone.
11:34 of 1st period - Minor Penalty to Philip Kemp for Tripping.
11:35 of 1st period - Jeff Malott wins face-off versus Mavrik Bourque in Roadrunners zone.
11:35 of 1st period - Jeff Malott is hit by Mackenzie Entwistle.
12:19 of 1st period - Shot by Lane Pederson.
12:19 of 1st period - Stopped by Jesper Wallstedt with a rebound.
12:21 of 1st period - Shot by Dmitri Samorukov.
12:21 of 1st period - Shot Misses the Net.
12:43 of 1st period - Shot by Gage Quinney.
12:43 of 1st period - Deflect By Charles Hudon.
12:43 of 1st period - Stopped by Mads Sogaard with a rebound.
13:17 of 1st period - Shot by Drake Caggiula.
13:17 of 1st period - Shot Blocked by Jack Ahcan.
14:11 of 1st period - Icing by Cole Schneider.
14:12 of 1st period - Lane Pederson wins face-off versus Vasili Ponomarev in Wolfpack zone.
14:13 of 1st period - Shot by Jack Ahcan.
14:13 of 1st period - Stopped by Jesper Wallstedt with a rebound.
14:15 of 1st period - Shot by Lane Pederson.
14:15 of 1st period - Deflect By Trey Fix-Wolansky.
14:15 of 1st period - Stopped by Jesper Wallstedt without a rebound.
14:16 of 1st period - Tyler Madden wins face-off versus Joona Koppanen in Wolfpack zone.
14:16 of 1st period - Tyler Madden is hit by Hunter Drew.
14:44 of 1st period - Shot by Joona Koppanen.
14:44 of 1st period - Deflect By Roman Ahcan.
14:44 of 1st period - Shot Misses the Net.
14:58 of 1st period - Shot by Lane Pederson.
14:58 of 1st period - Shot Misses the Net.
15:00 of 1st period - Shot by Gavin White.
15:00 of 1st period - Stopped by Jesper Wallstedt without a rebound.
15:01 of 1st period - Charles Hudon wins face-off versus Oskar Steen in Wolfpack zone.
15:05 of 1st period - Minor Penalty to Nicolas Deslauriers for Tripping.
15:06 of 1st period - Cole Schneider wins face-off versus Lane Pederson in Wolfpack zone.
15:10 of 1st period - Off-side.
15:11 of 1st period - Cole Schneider wins face-off versus Lane Pederson in neutral zone.
15:11 of 1st period - Cole Schneider is hit by Jeff Malott.
15:41 of 1st period - Shot by Lane Pederson.
15:41 of 1st period - Shot Blocked by Josh Mahura.
15:43 of 1st period - Shot by Lane Pederson.
15:43 of 1st period - Stopped by Jesper Wallstedt without a rebound.
15:44 of 1st period - Gage Quinney wins face-off versus Oskar Steen in Wolfpack zone.
15:44 of 1st period - Gage Quinney is hit by Oskar Steen.
16:31 of 1st period - Shot by Drake Caggiula.
16:31 of 1st period - Shot Misses the Net.
16:34 of 1st period - Icing by Jack Ahcan.
16:35 of 1st period - Oskar Steen wins face-off versus Gage Quinney in Roadrunners zone.
18:53 of 1st period - Lane Pederson is hit by Jacob MacDonald and loses puck.
Goals for this period are 0 for Wolfpack vs 1 for Roadrunners.
Shots for this period are 12 for Wolfpack vs 14 for Roadrunners.
2nd period
0:01 of 2nd period - Mavrik Bourque wins face-off versus Lane Pederson in neutral zone.
0:28 of 2nd period - Shot by Mavrik Bourque.
0:28 of 2nd period - Deflect By Drake Caggiula.
0:28 of 2nd period - Shot Blocked by Dylan Coghlan.
0:30 of 2nd period - Shot by Marco Scandella.
0:30 of 2nd period - Shot Blocked by Trey Fix-Wolansky.
0:41 of 2nd period - Minor Penalty to Mackenzie Entwistle for Roughing.
0:42 of 2nd period - Matthew Maggio wins face-off versus Nicolas Deslauriers in Wolfpack zone.
2:12 of 2nd period - Emil Bemstrom is hit by Clark Bishop and loses puck.
2:47 of 2nd period - Shot by Vasili Ponomarev.
2:47 of 2nd period - Stopped by Mads Sogaard with a rebound.
2:49 of 2nd period - Shot by Cole Schneider.
2:49 of 2nd period - Stopped by Mads Sogaard without a rebound.
2:50 of 2nd period - Joona Koppanen wins face-off versus Tyler Madden in Roadrunners zone.
2:50 of 2nd period - Roman Ahcan is hit by Mackenzie Entwistle and loses puck.
3:13 of 2nd period - Icing by Roman Ahcan.
3:14 of 2nd period - Vasili Ponomarev wins face-off versus Hunter Drew in Roadrunners zone.
3:20 of 2nd period - Icing by Joona Koppanen.
3:21 of 2nd period - Joona Koppanen wins face-off versus Vasili Ponomarev in Roadrunners zone.
3:21 of 2nd period - Joona Koppanen is hit by Cole Schneider.
3:26 of 2nd period - Joona Koppanen is hit by Cole Schneider and loses puck.
3:34 of 2nd period - John Leonard is hit by Maksymilian Szuber and loses puck.
3:40 of 2nd period - Minor Penalty to Vasili Ponomarev for Tripping.
3:41 of 2nd period - Lane Pederson wins face-off versus Nicolas Deslauriers in Wolfpack zone.
4:14 of 2nd period - Shot by Jeff Malott.
4:14 of 2nd period - Shot Blocked by Drake Caggiula.
5:14 of 2nd period - Shot by Jeff Malott.
5:14 of 2nd period - Shot Misses the Net.
5:16 of 2nd period - Shot by Jeff Malott.
5:16 of 2nd period - Stopped by Jesper Wallstedt with a rebound.
5:18 of 2nd period - Shot by Jeff Malott.
5:18 of 2nd period - Shot Hit the Post.
5:20 of 2nd period - Shot by Dylan Coghlan.
5:20 of 2nd period - Stopped by Jesper Wallstedt without a rebound.
5:21 of 2nd period - Oskar Steen wins face-off versus Drake Caggiula in Wolfpack zone.
5:34 of 2nd period - Shot by Matthew Maggio.
5:34 of 2nd period - Stopped by Jesper Wallstedt without a rebound.
5:35 of 2nd period - Lane Pederson wins face-off versus Drake Caggiula in Wolfpack zone.
6:11 of 2nd period - Icing by Drew Helleson.
6:12 of 2nd period - Vasili Ponomarev wins face-off versus Jared Davidson in Wolfpack zone.
6:21 of 2nd period - Shot by Vasili Ponomarev.
6:21 of 2nd period - Stopped by Mads Sogaard without a rebound.
6:22 of 2nd period - Lane Pederson wins face-off versus Mavrik Bourque in Roadrunners zone.
6:22 of 2nd period - Jack Ahcan is hit by Mackenzie Entwistle and loses puck.
6:37 of 2nd period - Shot by Jeff Malott.
6:37 of 2nd period - Deflect By Trey Fix-Wolansky.
6:37 of 2nd period - Shot Blocked by Marco Scandella.
6:39 of 2nd period - Shot by Jeff Malott.
6:39 of 2nd period - Stopped by Jesper Wallstedt with a rebound.
6:41 of 2nd period - Shot by Jack Ahcan.
6:41 of 2nd period - Shot Misses the Net.
6:43 of 2nd period - Shot by Lane Pederson.
6:43 of 2nd period - Shot Misses the Net.
7:08 of 2nd period - Icing by Colton White.
7:09 of 2nd period - Mavrik Bourque wins face-off versus Oskar Steen in Wolfpack zone.
7:09 of 2nd period - Mavrik Bourque is hit by Clark Bishop.
7:24 of 2nd period - Off-side.
7:25 of 2nd period - Charles Hudon wins face-off versus Joona Koppanen in neutral zone.
7:30 of 2nd period - Shot by Roman Ahcan.
7:30 of 2nd period - Stopped by Jesper Wallstedt without a rebound.
7:31 of 2nd period - Charles Hudon wins face-off versus Oskar Steen in Wolfpack zone.
8:00 of 2nd period - Shot by Nicolas Deslauriers.
8:00 of 2nd period - Shot Blocked by Dylan Coghlan.
8:25 of 2nd period - Icing by Jack Ahcan.
8:26 of 2nd period - Jared Davidson wins face-off versus Vasili Ponomarev in Roadrunners zone.
8:51 of 2nd period - Shot by Cole Schneider.
8:51 of 2nd period - Shot Misses the Net.
8:53 of 2nd period - Shot by John Leonard.
8:53 of 2nd period - Shot Misses the Net.
10:07 of 2nd period - Tyler Madden is hit by Joona Koppanen and loses puck.
10:25 of 2nd period - Icing by Gavin White.
10:26 of 2nd period - Hunter Drew wins face-off versus Charles Hudon in Roadrunners zone.
10:50 of 2nd period - Minor Penalty to Philip Kemp for Hooking.
10:51 of 2nd period - Jeff Malott wins face-off versus Mavrik Bourque in Roadrunners zone.
11:04 of 2nd period - Shot by Jacob MacDonald.
11:04 of 2nd period - Stopped by Mads Sogaard without a rebound.
11:05 of 2nd period - Charles Hudon wins face-off versus Jeff Malott in Roadrunners zone.
11:47 of 2nd period - Icing by Marco Scandella.
11:48 of 2nd period - Mackenzie Entwistle wins face-off versus Trey Fix-Wolansky in Wolfpack zone.
12:25 of 2nd period - Shot by Charles Hudon.
12:25 of 2nd period - Deflect By Gage Quinney.
12:25 of 2nd period - Shot Blocked by Trey Fix-Wolansky.
12:27 of 2nd period - Shot by Nicolas Deslauriers.
12:27 of 2nd period - Shot Misses the Net.
12:29 of 2nd period - Shot by Will Butcher.
12:29 of 2nd period - Stopped by Mads Sogaard with a rebound.
12:55 of 2nd period - Shot by Cole Schneider.
12:55 of 2nd period - Shot Blocked by Jeff Malott.
12:57 of 2nd period - Shot by Vasili Ponomarev.
12:57 of 2nd period - Stopped by Mads Sogaard without a rebound.
12:58 of 2nd period - Vasili Ponomarev wins face-off versus Jared Davidson in Roadrunners zone.
13:05 of 2nd period - Shot by Jeff Malott.
13:05 of 2nd period - Stopped by Jesper Wallstedt without a rebound.
13:06 of 2nd period - Vasili Ponomarev wins face-off versus Jared Davidson in Wolfpack zone.
13:40 of 2nd period - Shot by Vasili Ponomarev.
13:40 of 2nd period - Stopped by Mads Sogaard with a rebound.
14:28 of 2nd period - Off-side.
14:29 of 2nd period - Charles Hudon wins face-off versus Joona Koppanen in neutral zone.
15:51 of 2nd period - Shot by John Leonard.
15:51 of 2nd period - Shot Blocked by Jack Ahcan.
17:03 of 2nd period - Minor Penalty to Maksymilian Szuber for Boarding.
17:04 of 2nd period - Gage Quinney wins face-off versus Jared Davidson in Roadrunners zone.
18:44 of 2nd period - Jared Davidson is hit by Dillon Heatherington and loses puck.
19:19 of 2nd period - Shot by Clark Bishop.
19:19 of 2nd period - Shot Misses the Net.
19:21 of 2nd period - Shot by Matthew Maggio.
19:21 of 2nd period - Stopped by Jesper Wallstedt without a rebound.
19:22 of 2nd period - Lane Pederson wins face-off versus Tyler Madden in Wolfpack zone.
19:25 of 2nd period - Shot by Trey Fix-Wolansky.
19:25 of 2nd period - Shot Misses the Net.
19:27 of 2nd period - Shot by Jeff Malott.
19:27 of 2nd period - Stopped by Jesper Wallstedt with a rebound.
19:29 of 2nd period - Shot by Jeff Malott.
19:29 of 2nd period - Shot Blocked by Vasili Ponomarev.
19:31 of 2nd period - Shot by Jeff Malott.
19:31 of 2nd period - Goal by Jeff Malott - Wolfpack : 0 - Roadrunners : 2.
19:32 of 2nd period - Joona Koppanen wins face-off versus Vasili Ponomarev in neutral zone.
19:57 of 2nd period - Shot by Vasili Ponomarev.
19:57 of 2nd period - Stopped by Mads Sogaard without a rebound.
19:58 of 2nd period - Charles Hudon wins face-off versus Trey Fix-Wolansky in Roadrunners zone.
Goals for this period are 0 for Wolfpack vs 1 for Roadrunners.
Shots for this period are 8 for Wolfpack vs 9 for Roadrunners.
3rd period
0:01 of 3rd period - Tyler Madden wins face-off versus Lane Pederson in neutral zone.
1:03 of 3rd period - Jacob MacDonald is hit by Lane Pederson.
1:16 of 3rd period - Jacob MacDonald is hit by Clark Bishop and loses puck.
1:25 of 3rd period - Shot by Nicolas Deslauriers.
1:25 of 3rd period - Shot Blocked by Dmitri Samorukov.
1:48 of 3rd period - Shot by Clark Bishop.
1:48 of 3rd period - Shot Misses the Net.
2:03 of 3rd period - Icing by Gavin White.
2:04 of 3rd period - Vasili Ponomarev wins face-off versus Roman Ahcan in Roadrunners zone.
2:34 of 3rd period - Icing by Gavin White.
2:35 of 3rd period - Mavrik Bourque wins face-off versus Joona Koppanen in Roadrunners zone.
2:38 of 3rd period - Shot by Mackenzie Entwistle.
2:38 of 3rd period - Goal by Mackenzie Entwistle - Wolfpack : 1 - Roadrunners : 2.
2:39 of 3rd period - Max Ellis wins face-off versus Mavrik Bourque in neutral zone.
2:41 of 3rd period - Jeff Malott is hit by Josh Mahura and loses puck.
2:51 of 3rd period - Jeff Malott is hit by Marco Scandella and loses puck.
2:55 of 3rd period - Icing by Marco Scandella.
2:56 of 3rd period - Mavrik Bourque wins face-off versus Oskar Steen in Wolfpack zone.
2:56 of 3rd period - Mavrik Bourque is hit by Oskar Steen.
2:59 of 3rd period - Josh Mahura is hit by Oskar Steen and loses puck.
3:10 of 3rd period - Shot by Mackenzie Entwistle.
3:10 of 3rd period - Stopped by Mads Sogaard without a rebound.
3:11 of 3rd period - Vasili Ponomarev wins face-off versus Jared Davidson in Roadrunners zone.
3:15 of 3rd period - Icing by Jack Ahcan.
3:16 of 3rd period - Jared Davidson wins face-off versus John Leonard in Roadrunners zone.
3:40 of 3rd period - Icing by Jack Ahcan.
3:41 of 3rd period - Mavrik Bourque wins face-off versus Jared Davidson in Roadrunners zone.
3:52 of 3rd period - Shot by Drake Caggiula.
3:52 of 3rd period - Shot Misses the Net.
4:03 of 3rd period - Max Ellis is hit by Drake Caggiula and loses puck.
4:05 of 3rd period - Minor Penalty to Mavrik Bourque for Slashing.
4:06 of 3rd period - Oskar Steen wins face-off versus Nicolas Deslauriers in Wolfpack zone.
4:42 of 3rd period - Icing by Dylan Coghlan.
4:43 of 3rd period - Nicolas Deslauriers wins face-off versus Oskar Steen in Roadrunners zone.
5:46 of 3rd period - Icing by Oskar Steen.
5:47 of 3rd period - Oskar Steen wins face-off versus Drake Caggiula in Roadrunners zone.
5:47 of 3rd period - Oskar Steen is hit by Drake Caggiula.
6:01 of 3rd period - Shot by Matthew Maggio.
6:01 of 3rd period - Stopped by Jesper Wallstedt with a rebound.
6:03 of 3rd period - Shot by Matthew Maggio.
6:03 of 3rd period - Goal by Matthew Maggio - Wolfpack : 1 - Roadrunners : 3.
6:04 of 3rd period - Vasili Ponomarev wins face-off versus Joona Koppanen in neutral zone.
6:06 of 3rd period - Minor Penalty to Cole Schneider for Roughing.
6:07 of 3rd period - Lane Pederson wins face-off versus Nicolas Deslauriers in Wolfpack zone.
6:17 of 3rd period - Shot by Trey Fix-Wolansky.
6:17 of 3rd period - Deflect By Jeff Malott.
6:17 of 3rd period - Stopped by Jesper Wallstedt without a rebound.
6:18 of 3rd period - Lane Pederson wins face-off versus Drake Caggiula in Wolfpack zone.
6:19 of 3rd period - Shot by Jeff Malott.
6:19 of 3rd period - Deflect By Trey Fix-Wolansky.
6:19 of 3rd period - Goal by Trey Fix-Wolansky - Wolfpack : 1 - Roadrunners : 4.
6:20 of 3rd period - Jared Davidson wins face-off versus Vasili Ponomarev in neutral zone.
6:25 of 3rd period - Jared Davidson is hit by Cole Schneider and loses puck.
6:41 of 3rd period - Jeff Malott is hit by Drew Helleson and loses puck.
6:48 of 3rd period - Jeff Malott is hit by Vasili Ponomarev.
7:00 of 3rd period - Drew Helleson is hit by Maksymilian Szuber.
7:17 of 3rd period - Minor Penalty to Josh Mahura for Interference.
7:18 of 3rd period - Nicolas Deslauriers wins face-off versus Oskar Steen in Wolfpack zone.
7:18 of 3rd period - Nicolas Deslauriers is hit by Oskar Steen.
7:30 of 3rd period - Shot by Dylan Coghlan.
7:30 of 3rd period - Stopped by Jesper Wallstedt without a rebound.
7:31 of 3rd period - Nicolas Deslauriers wins face-off versus Oskar Steen in Wolfpack zone.
8:24 of 3rd period - Shot by Trey Fix-Wolansky.
8:24 of 3rd period - Stopped by Jesper Wallstedt without a rebound.
8:25 of 3rd period - Lane Pederson wins face-off versus Drake Caggiula in Wolfpack zone.
8:32 of 3rd period - Shot by Dylan Coghlan.
8:32 of 3rd period - Stopped by Jesper Wallstedt with a rebound.
8:40 of 3rd period - Shot by Trey Fix-Wolansky.
8:40 of 3rd period - Stopped by Jesper Wallstedt with a rebound.
8:42 of 3rd period - Shot by Lane Pederson.
8:42 of 3rd period - Stopped by Jesper Wallstedt without a rebound.
8:43 of 3rd period - Nicolas Deslauriers wins face-off versus Clark Bishop in Wolfpack zone.
8:43 of 3rd period - Nicolas Deslauriers is hit by Matthew Maggio.
8:57 of 3rd period - Drew Helleson is hit by Oskar Steen and loses puck.
9:13 of 3rd period - Icing by Matthew Maggio.
9:14 of 3rd period - Drake Caggiula wins face-off versus Oskar Steen in Roadrunners zone.
9:18 of 3rd period - Charles Hudon is hit by Philip Kemp and loses puck.
9:28 of 3rd period - John Leonard is hit by Philip Kemp and loses puck.
9:32 of 3rd period - Minor Penalty to Philip Kemp for Hooking.
9:33 of 3rd period - Drake Caggiula wins face-off versus Jeff Malott in Roadrunners zone.
10:02 of 3rd period - Minor Penalty to Gavin White for Elbowing.
10:03 of 3rd period - Charles Hudon wins face-off versus Jeff Malott in Roadrunners zone.
10:28 of 3rd period - Shot by Nicolas Deslauriers.
10:28 of 3rd period - Stopped by Mads Sogaard with a rebound.
10:30 of 3rd period - Shot by Nicolas Deslauriers.
10:30 of 3rd period - Shot Misses the Net.
10:32 of 3rd period - Shot by Will Butcher.
10:32 of 3rd period - Shot Blocked by Jack Ahcan.
10:34 of 3rd period - Shot by Jacob MacDonald.
10:34 of 3rd period - Stopped by Mads Sogaard without a rebound.
10:35 of 3rd period - Lane Pederson wins face-off versus Drake Caggiula in Roadrunners zone.
10:46 of 3rd period - Shot by Josh Mahura.
10:46 of 3rd period - Stopped by Mads Sogaard without a rebound.
10:47 of 3rd period - Jeff Malott wins face-off versus Mavrik Bourque in Roadrunners zone.
11:31 of 3rd period - Shot by Jacob MacDonald.
11:31 of 3rd period - Shot Misses the Net.
11:33 of 3rd period - Shot by Jacob MacDonald.
11:33 of 3rd period - Shot Misses the Net.
11:35 of 3rd period - Shot by Jacob MacDonald.
11:35 of 3rd period - Stopped by Mads Sogaard without a rebound.
11:36 of 3rd period - Jared Davidson wins face-off versus Charles Hudon in Roadrunners zone.
11:36 of 3rd period - Jared Davidson is hit by Nicolas Deslauriers.
12:16 of 3rd period - Minor Penalty to Dillon Heatherington for Interference.
12:17 of 3rd period - Drake Caggiula wins face-off versus Oskar Steen in Wolfpack zone.
13:38 of 3rd period - Shot by Lane Pederson.
13:38 of 3rd period - Shot Blocked by Drew Helleson.
13:40 of 3rd period - Shot by Dmitri Samorukov.
13:40 of 3rd period - Stopped by Jesper Wallstedt with a rebound.
13:42 of 3rd period - Shot by Dmitri Samorukov.
13:42 of 3rd period - Stopped by Jesper Wallstedt without a rebound.
13:43 of 3rd period - Lane Pederson wins face-off versus Nicolas Deslauriers in Wolfpack zone.
13:56 of 3rd period - Shot by Jeff Malott.
13:56 of 3rd period - Shot Blocked by Will Butcher.
14:25 of 3rd period - Shot by Hunter Drew.
14:25 of 3rd period - Shot Misses the Net.
14:27 of 3rd period - Shot by Hunter Drew.
14:27 of 3rd period - Shot Blocked by Colton White.
14:28 of 3rd period - Minor Penalty to Marco Scandella for Tripping.
14:29 of 3rd period - Nicolas Deslauriers wins face-off versus Oskar Steen in Wolfpack zone.
14:36 of 3rd period - Shot by Philip Kemp.
14:36 of 3rd period - Shot Blocked by Josh Mahura.
14:38 of 3rd period - Shot by Clark Bishop.
14:38 of 3rd period - Shot Misses the Net.
14:40 of 3rd period - Shot by Matthew Maggio.
14:40 of 3rd period - Stopped by Jesper Wallstedt without a rebound.
14:41 of 3rd period - Drake Caggiula wins face-off versus Jeff Malott in Wolfpack zone.
15:08 of 3rd period - Icing by Lane Pederson.
15:09 of 3rd period - Nicolas Deslauriers wins face-off versus Lane Pederson in Roadrunners zone.
15:33 of 3rd period - Icing by Clark Bishop.
15:34 of 3rd period - Drake Caggiula wins face-off versus Oskar Steen in Roadrunners zone.
15:51 of 3rd period - Shot by Dylan Coghlan.
15:51 of 3rd period - Stopped by Jesper Wallstedt without a rebound.
15:52 of 3rd period - Oskar Steen wins face-off versus Nicolas Deslauriers in Wolfpack zone.
16:31 of 3rd period - John Leonard is hit by Hunter Drew and loses puck.
17:02 of 3rd period - Gavin White is hit by Vasili Ponomarev and loses puck.
17:28 of 3rd period - Emil Bemstrom is hit by Jack Ahcan and loses puck.
18:19 of 3rd period - Shot by Lane Pederson.
18:19 of 3rd period - Stopped by Jesper Wallstedt without a rebound.
18:20 of 3rd period - Vasili Ponomarev wins face-off versus Oskar Steen in Wolfpack zone.
18:22 of 3rd period - Icing by John Leonard.
18:23 of 3rd period - Vasili Ponomarev wins face-off versus Oskar Steen in Wolfpack zone.
18:32 of 3rd period - Josh Mahura is hit by Clark Bishop.
18:35 of 3rd period - Icing by Vasili Ponomarev.
18:36 of 3rd period - Cole Schneider wins face-off versus Joona Koppanen in Wolfpack zone.
18:36 of 3rd period - John Leonard is hit by Joona Koppanen and loses puck.
18:52 of 3rd period - Vasili Ponomarev is hit by Dmitri Samorukov and loses puck.
19:17 of 3rd period - Icing by Cole Schneider.
19:18 of 3rd period - Vasili Ponomarev wins face-off versus Lane Pederson in Wolfpack zone.
19:22 of 3rd period - Icing by Josh Mahura.
19:23 of 3rd period - Cole Schneider wins face-off versus Jeff Malott in Wolfpack zone.
19:23 of 3rd period - Cole Schneider is hit by Jeff Malott.
19:26 of 3rd period - Vasili Ponomarev is hit by Lane Pederson and loses puck.
19:33 of 3rd period - Shot by Lane Pederson.
19:33 of 3rd period - Stopped by Jesper Wallstedt without a rebound.
19:34 of 3rd period - Mavrik Bourque wins face-off versus Clark Bishop in Wolfpack zone.
19:57 of 3rd period - Minor Penalty to Jacob MacDonald for Hooking.
19:58 of 3rd period - Lane Pederson wins face-off versus Nicolas Deslauriers in Wolfpack zone.
Goals for this period are 1 for Wolfpack vs 2 for Roadrunners.
Shots for this period are 6 for Wolfpack vs 15 for Roadrunners.
Back to the Top